Map: Incorporeal LE

Players

KimChiLoVer - Winner!

  • Race: Terran Terran
  • League: Diamond
  • Spawn Location: 11:00

A.I. 1 (Elite)

  • Race: Zerg Zerg
  • Spawn Location: 5:00

VOD

Have the link to the VOD?

Description

Time

  • Played on: Oct. 27, 2025, 7:58 p.m.
  • Length: 10:52
Show
View Real Time Build Order
Export as new Build Order

KimChiLoVer Terran - Winner!

Build Orders: Reaper Expand, Hellion Banshee 

Get SALT Encoding   

  12  0:00  SCV  
  13  0:12  SCV  
  14  0:18  Supply Depot  
  14  0:25  SCV  
  15  0:40  SCV, Barracks  
  16  0:46  Refinery  
  16  0:52  SCV  
  17  1:04  SCV  
  18  1:16  SCV  
  19  1:28  Orbital Command  
  19  1:30  Reaper  
  20  1:39  Command Center  
  20  1:48  Supply Depot  
  20  1:54  SCV  
  21  2:02  Marine  
  21  2:06  SCV  
  21  2:08  Factory  
  23  2:13  Refinery  
  23  2:18  SCV  
  24  2:28  Barracks Reactor  
  24  2:40  SCV  
  25  2:51  Orbital Command  
  25  2:56  SCV  
  26  3:16  SCV  
  26  3:17  SCV, Starport  
  26  3:19  Barracks Tech Lab  
  28  3:20  Hellion  
  28  3:21  Hellion  
  32  3:29  SCV, Supply Depot  
  33  3:41  SCV  
  33  3:53  SCV  
  33  3:54  Supply Depot  
  34  3:59  Command Center  
  34  4:00  Refinery  
  34  4:02  Refinery  
  36  4:03  Hellion x2  
  36  4:05  SCV  
  36  4:08  Cloaking Field, Banshee  
  42  4:11  Marine  
  42  4:14  SCV  
  44  4:17  SCV  
  44  4:22  Supply Depot  
  45  4:26  SCV  
  45  4:29  SCV  
  47  4:32  Hellion  
  47  4:33  Hellion  
  52  4:38  SCV  
  52  4:41  SCV  
  52  4:43  Engineering Bay  
  52  4:45  Engineering Bay  
  53  4:50  Barracks Tech Lab  
  53  4:52  SCV  
  54  4:53  SCV  
  54  4:55  Banshee  
  58  5:07  Barracks  
  58  5:10  Factory Reactor  
  58  5:12  Stimpack  
  58  5:13  Barracks  
  58  5:14  Marine  
  58  5:17  Orbital Command  
  59  5:25  SCV  
  60  5:28  SCV  
  60  5:31  Terran Infantry Weapons Level 1  
  60  5:35  Terran Infantry Armor Level 1  
  61  5:37  SCV, Marine  
  61  5:40  SCV  
  64  5:49  SCV  
  65  5:52  SCV, Starport Reactor  
  65  5:53  SCV  
  65  5:55  Marine  
  68  6:01  SCV  
  68  6:03  Barracks  
  69  6:09  Marine x4  
  69  6:10  Barracks  
  73  6:13  Marine, Siege Tank  
  77  6:22  Supply Depot x2  
  77  6:25  Supply Depot  
  77  6:27  SCV x3  
  77  6:30  Marine x4  
  77  6:31  Marine  
  85  6:43  Medivac x2, SCV x2  
  91  6:47  Marine  
  91  6:48  Marine  
  91  6:49  Marine x3  
  91  6:52  Combat Shield  
  96  6:55  Barracks Reactor  
  96  7:01  Barracks Reactor  
  96  7:02  Siege Tank  
  96  7:05  Marine x2  
  96  7:06  Supply Depot  
  96  7:07  SCV  
  96  7:08  SCV, Armory  
  103  7:20  SCV  
  103  7:21  Orbital Command  
  104  7:28  Marine x3  
  104  7:29  Marine x2  
  109  7:42  Marine x2  
  111  7:46  Marine x4  
  111  7:50  Barracks Reactor  
  115  7:54  SCV x2  
  117  8:04  Terran Infantry Weapons Level 2, Terran Infantry Armor Level 2, Supply Depot  
  117  8:05  Supply Depot  
  117  8:06  Supply Depot  
  117  8:09  Supply Depot x2  
  117  8:12  Terran Vehicle And Ship Armor Level 1  
  117  8:18  Supply Depot  
  117  8:19  Supply Depot  
  117  8:20  Supply Depot  
  117  8:21  Supply Depot  
  117  8:26  Medivac x2, Marine x5, SCV x2  
  130  8:32  Marine x2  
  132  8:44  Marine x5  
  132  8:47  Marine x2  
  137  8:49  Missile Turret  
  137  8:50  Marine x2  
  137  8:51  Refinery  
  137  8:52  Refinery  
  139  8:56  Medivac x2  
  139  9:01  Marine x2  
  139  9:02  Marine x3  
  148  9:05  Marine x2  
  148  9:08  Marine x2  
  143  9:19  Marine x5  
  143  9:23  Marine  
  140  9:32  Marine  
  140  9:33  Marine x2  
  140  9:37  Marine x5  
  148  9:41  Marine  
  142  9:50  Marine x2  
  142  9:51  Marine  
  142  9:55  Marine x5  
  142  9:59  Marine  
  138  10:08  Marine x3  
  138  10:13  Marine x5  
  141  10:17  Marine  
  141  10:26  Marine x3  
  145  10:30  Marine x2  
  145  10:31  Marine x3  
  146  10:44  Supply Depot  
  146  10:45  Supply Depot  
  146  10:46  Supply Depot  
  146  10:48  Barracks  
  154  10:50  Barracks x2  
  154  10:51  Barracks  
Show
View Real Time Build Order
Export as new Build Order

A.I. 1 (Elite) Zerg 

Build Orders: Hatch First 

Get SALT Encoding   

  12  0:00  Drone  
  13  0:12  Overlord  
  13  0:16  Drone  
  14  0:30  Drone x2  
  14  0:34  Drone  
  17  0:53  Drone, Hatchery  
  17  1:09  Spawning Pool  
  17  1:10  Extractor  
  15  1:12  Drone  
  15  1:16  Drone  
  17  1:20  Drone  
  18  1:28  Drone  
  19  1:38  Overlord  
  19  1:49  Drone  
  20  1:57  Queen  
  20  2:00  Zergling x2  
  23  2:04  Drone  
  24  2:13  Queen  
  26  2:18  Drone  
  27  2:30  Roach Warren  
  27  2:32  Drone  
  27  2:36  Extractor  
  27  2:37  Drone  
  27  2:43  Overlord  
  27  2:46  Drone  
  27  2:50  Drone  
  28  2:52  Drone  
  28  2:56  Drone  
  30  2:58  Drone  
  30  3:04  Drone  
  32  3:08  Zergling x2  
  32  3:12  Zergling x2  
  34  3:13  Roach  
  34  3:17  Roach  
  38  3:21  Roach  
  38  3:25  Roach  
  42  3:28  Drone  
  42  3:30  Drone  
  44  3:35  Overlord  
  44  3:42  Lair  
  44  3:53  Drone x2, Zergling x2  
  44  3:54  Drone  
  47  3:58  Overlord  
  47  4:00  Drone  
  48  4:03  Drone  
  48  4:04  Drone  
  48  4:07  Drone  
  51  4:16  Drone x2, Zergling x4  
  55  4:18  Zergling x2  
  55  4:21  Overlord  
  56  4:28  Roach  
  58  4:34  Overlord  
  58  4:40  Drone x2, Roach  
  58  4:42  Hydralisk Den  
  58  4:43  Drone  
  62  4:59  Overlord  
  62  5:03  Drone, Evolution Chamber  
  62  5:08  Drone, Evolution Chamber  
  62  5:09  Drone  
  62  5:11  Hydralisk x2, Drone  
  62  5:13  Hydralisk x2  
  74  5:14  Lurker Den, Roach  
  74  5:15  Drone  
  74  5:18  Roach  
  76  5:21  Overlord  
  76  5:25  Drone  
  76  5:26  Drone x2  
  76  5:28  Drone  
  80  5:30  Drone  
  81  5:39  Infestation Pit  
  81  5:40  Roach  
  81  5:42  Overlord  
  82  5:43  Drone  
  83  5:54  Drone, Metabolic Boost, Extractor  
  83  5:55  Extractor  
  83  5:56  Drone  
  83  6:02  Hatchery  
  83  6:03  Drone  
  83  6:13  Zerg Melee Weapons Level 1  
  83  6:14  Evolution Chamber, Infestor  
  83  6:15  Drone  
  83  6:17  Drone x5, Overlord  
  83  6:18  Drone  
  91  6:30  Infestor  
  93  6:40  Overseer  
  93  6:45  Zerg Missile Weapons Level 1  
  93  6:52  Spine Crawler  
  90  6:55  Spine Crawler  
  90  6:56  Hydralisk  
  88  7:03  Zerg Ground Armor Level 1  
  86  7:10  Hydralisk  
  86  7:13  Hydralisk, Queen  
  86  7:14  Drone x4  
  86  7:15  Drone x5  
  96  7:18  Drone x4  
  96  7:21  Drone  
  98  7:24  Drone  
  98  7:29  Drone  
  100  7:30  Extractor  
  100  7:32  Roach  
  100  7:33  Drone x2, Infestor  
  100  7:35  Drone  
  106  7:40  Extractor  
  106  7:41  Drone  
  106  7:43  Drone  
  107  7:46  Drone  
  107  7:49  Overlord, Infestor  
  110  7:51  Spore Crawler  
  110  7:52  Drone x2  
  110  7:53  Spore Crawler  
  110  7:54  Drone  
  111  7:59  Drone, Spire  
  111  8:02  Drone  
  112  8:07  Overlord  
  112  8:08  Drone x2  
  112  8:10  Ravager  
  112  8:12  Roach  
  117  8:16  Ravager  
  117  8:18  Roach  
  117  8:19  Spine Crawler  
  119  8:20  Drone  
  119  8:23  Glial Reconstitution  
  120  8:27  Overlord  
  120  8:30  Pneumatized Carapace  
  120  8:38  Hatchery, Roach  
  121  8:44  Queen  
  121  8:45  Overlord  
  123  8:50  Hydralisk  
  125  8:58  Spine Crawler  
  124  9:03  Zergling x2  
  124  9:04  Baneling Nest, Zergling x4, Drone  
  124  9:08  Mutalisk  
  123  9:12  Queen  
  123  9:13  Zergling x2  
  123  9:15  Hydralisk  
  123  9:19  Infestor  
  123  9:21  Zergling x2  
  123  9:22  Drone x3, Zergling x2  
  123  9:23  Mutalisk, Drone  
  122  9:24  Drone x2, Zergling x2  
  122  9:26  Roach x2  
  122  9:27  Roach  
  122  9:28  Drone  
  102  9:32  Roach  
  102  9:36  Roach  
  102  9:37  Drone  
  90  9:38  Spine Crawler  
  90  9:39  Drone  
  90  9:41  Hydralisk  
  75  9:45  Drone  
  75  9:46  Zergling x2  
  75  9:50  Zergling x2  
  52  10:02  Roach  
  36  10:11  Zergling x2, Hatchery  
  18  10:44  Spawning Pool  
Tags
 
Add a new tag
Caveats
  • Supply blocks, unpowered buildings, or Contaminate may cause inaccurate times.
  • Supply counts are checked every 10 seconds.